 Dungeon Crawl Stone Soup version 0.31.0-4-g52a2dc7128 (webtiles) character file.

Game seed: 1193283649316843157

53312 Persephone the Brawler (level 14, -4/79 HPs)
             Began as a Vine Stalker Berserker on Jan 21, 2024.
             Was an Elder of Trog.
             Killed from afar by a lindwurm (16 damage)
             ... with a blast of flame
             ... while petrified by a catoblepas
             ... on level 5 of the Lair of Beasts.
             The game lasted 00:29:12 (14686 turns).

Persephone the Brawler (Vine Stalker Berserker)    Turns: 14686, Time: 00:29:13

Health: -4/79      AC: 15    Str: 22    XL:     14   Next: 67%
Magic:  0/15       EV:  2    Int:  7    God:    Trog [****..]
Gold:   2219       SH:  0    Dex: 20    Spells: 13/13 levels left

rFire   . .          .
                       - Unarmed
rCold   . . .        D - +0 buckler
rNeg    + + +        G - +1 chain mail of the Storm King {Regen+ Str-2 Dex+5 Slay+6}
rPois   ∞            (no helmet)
rElec   .            K - scarf {shadows}
rCorr   .            (no gloves)
SInv    .            y - +1 pair of boots {Fly}
Will    +++++        i - amulet of regeneration Stlth
                     g - ring of willpower
HPRegen 3.73/turn    L - ring "Keklenet" {rN+ Will+}
MPRegen 0.14/turn

%: guardian spirit
@: petrified, strong-willed, flying, regenerating
A: fangs 3, regeneration 1, magic shield, antimagic bite, no potion heal 2
a: Renounce Religion, Berserk, Trog's Hand, Brothers in Arms


You were on level 5 of the Lair of Beasts.
You worshipped Trog.
Trog was greatly pleased with you.
You visited 2 branches of the dungeon, and saw 16 of its levels.
You also visited: Bailey and Gauntlet.

You collected 2219 gold pieces.

Inventory:

Missiles
 N - 7 silver javelins
Armour
 y - a +1 pair of boots of flying (worn)
 D - a +0 buckler (worn)
 G - the +1 chain mail of the Storm King (worn) {Regen+ Str-2 Dex+5 Slay+6}
   (You acquired it on level 1 of the Lair of Beasts)

   Str-2:     It affects your strength (-2).
   Dex+5:     It affects your dexterity (+5).
   Slay+6:    It affects your accuracy & damage with ranged weapons and melee
   (+6).
   Regen+:    It increases your rate of health regeneration.
 K - a scarf of shadows (worn)
 M - a +1 scale mail of poison resistance
Jewellery
 g - a ring of willpower (left hand)
 i - an amulet of regeneration (around neck)
 t - a ring of positive energy
 L - the ring "Keklenet" (right hand) {rN+ Will+}
   (You found it on level 1 of the Lair of Beasts)

   [ring of positive energy]

   rN+:       It protects you from negative energy.
   Will+:     It increases your willpower.
Wands
 h - a wand of roots (19)
 m - a wand of flame (30)
 n - a wand of charming (11)
 v - a wand of acid (13)
 z - a wand of digging (13)
Scrolls
 b - 6 scrolls of vulnerability
 c - 5 scrolls of enchant armour
 j - 2 scrolls of torment
 u - 5 scrolls of teleportation
 x - 2 scrolls of fog
 E - a scroll of fear
 H - 2 scrolls of revelation
 I - 3 scrolls of silence
 J - 3 scrolls of amnesia
 O - a scroll of brand weapon
 S - a scroll of immolation
Potions
 a - a potion of enlightenment
 d - 3 potions of degeneration {unknown}
 e - 10 potions of curing
 f - 4 potions of mutation {unknown}
 k - 6 potions of brilliance {unknown}
 o - a potion of haste
 p - 4 potions of might {unknown}
 q - 2 potions of attraction
 r - 2 potions of invisibility {unknown}
 s - 4 potions of heal wounds {unknown}
 w - 3 potions of cancellation {unknown}
 B - 2 potions of ambrosia {unknown}
 C - 4 potions of lignification {unknown}
 F - 2 potions of resistance {unknown}
 Q - a potion of magic {unknown}
Miscellaneous
 l - a phial of floods


   Skills:
 + Level 11.5 Fighting
 + Level 10.4 Armour
 - Level 1.5 Dodging
 + Level 7.7 Shields
 * Level 17.0 Unarmed Combat


You had 13 spell levels left.
You didn't know any spells.
Your spell library was empty.

Dungeon Overview and Level Annotations

Branches:
Dungeon (11/15)            Temple (0/1) D:5            Lair (5/5) D:9
 Shoals (0/4) Lair:3       Spider (0/4) Lair:3        Slime (0/5) Lair:4
    Orc (0/2) D:11         Bailey (visited)         Gauntlet (visited)

Altars:
Ashenzari
Cheibriados
Dithmenos
Elyvilon
Fedhas
Gozag
Hepliaklqana
Kikubaaqudgha
Makhleb
Nemelex Xobeh
Okawaru
Qazlal
Ru
Sif Muna
Trog
Uskayaw
Vehumet
Wu Jian
Xom
Yredelemnul
Zin
The Shining One
Jiyva

Shops:
D:1 [   D:9 [


Innate Abilities, Weirdness & Mutations

You have razor-sharp teeth.
Your natural rate of healing is unusually fast.
When hurt, damage is shared between your health and your magic reserves.
Your bite disrupts and absorbs the magic of your enemies.
Potions cannot restore your health.


Message History

The blast of flame hits you!!!
* * * LOW HITPOINT WARNING * * *
The catoblepas attacks as it pursues you!
You block the catoblepas's attack. The catoblepas gores you!!
* * * LOW HITPOINT WARNING * * *
Your limbs are stiffening.
Your skin crawls.
You feel strong-willed.
The catoblepas breathes a plume of calcifying dust at you.
The blast of calcifying dust hits you but does no damage.
The lindwurm bites you but does no damage.
You block the lindwurm's attack. The lindwurm barely misses you.
You have turned to stone.
You are engulfed in calcifying dust.
The catoblepas completely misses you. The lindwurm bites you.
* * * LOW HITPOINT WARNING * * *
The lindwurm completely misses you.
The lindwurm claws you but does no damage.
You are engulfed in calcifying dust.
The catoblepas breathes a plume of calcifying dust at you.
The blast of calcifying dust hits you but does no damage.
The lindwurm breathes flames at you. The blast of flame hits you!
* * * LOW HITPOINT WARNING * * *
You are engulfed in calcifying dust.
You recover from your berserk rage.
The catoblepas gores you!
* * * LOW HITPOINT WARNING * * *
The lindwurm bites you!
* * * LOW HITPOINT WARNING * * *
The lindwurm claws you but does no damage.
The lindwurm claws you.
* * * LOW HITPOINT WARNING * * *
You are engulfed in calcifying dust.
The catoblepas breathes a plume of calcifying dust at you.
The blast of calcifying dust hits you.
* * * LOW HITPOINT WARNING * * *
The lindwurm breathes flames at you. The blast of flame hits you!!
You die...

......##....†.#....####..........
.....####.....†...#.##...........
.....# #......#...###...........
.....# ##...#.....P# #..........
.....## ##..#.###..# #..........
......# #.##...# ..##..........
......# ###}...# P#...........
......# ##.Y.# ##...†......
.....## #.#@# #.......... .....#
#.k.§.P###.......... .....#
....#..§###........... .....##
........#§##........... ......#
....#....####.......... ......#
#.#.#P..## #.......... .....##
#.. ##### ##.......... .....##
#........... ......# #...........


You could see a catoblepas and a lindwurm (catching breath).

Vanquished Creatures
  An orc warlord (Bailey)
  A minotaur (Gauntlet)
  A dire elephant (Lair:5)
  A boulder beetle (D:11)
  Urug (Lair:4)
  15 death yaks
  A necromancer (Gauntlet)
  Pikel (D:7)
  2 ugly things
  A manticore (Lair:5)
  4 black mambas
  23 elephants
  9 cane toads
  2 torpor snails (Lair:3)
  An unseen horror (D:10)
  2 minotaur zombies (Gauntlet)
  5 rime drakes
  2 kobold demonologists (D:9)
  6 komodo dragons
  3 red devils (D:9)
  4 polar bears
  5 trolls
  A hornet (D:8)
  Prince Ribbit (D:7)
  15 blink frogs
  6 dream sheep
  3 shadows
  44 yaks
  A wraith (D:10)
  3 wyverns
  2 basilisks
  A steam dragon (Lair:2)
  19 water moccasins
  2 sky beasts (D:8)
  6 ice beasts
  8 orc warriors
  2 black bears
  2 ogres (D:6)
  3 centaurs
  16 wolves
  A phantom (D:4)
  2 kobold brigands
  A lemure (D:7)
  11 bullfrogs
  6 scorpions
  5 wights (D:10)
  8 killer bees (D:8)
  3 electric eels (Lair:2)
  A howler monkey (D:4)
  3 crimson imps (D:6)
  A bombardier beetle (D:5)
  3 jellies
  Crazy Yiuf (D:7)
  A hound (D:7)
  2 gnoll boudas
  6 orc priests
  2 sleepcaps
  Jessica (D:3)
  Ijyb (D:3)
  An iguana (D:5)
  8 orc wizards
  2 hell rats (D:9)
  14 gnolls
  14 adders
  2 river rats (D:9)
  2 white imps
  2 ufetubi (D:7)
  2 dart slugs (D:3)
  A ribbon worm (D:2)
  41 orcs
  4 bats
  An endoplasm (D:1)
  3 giant cockroaches
  7 hobgoblins
  5 jackals
  22 kobolds
  6 quokkas
  9 ball pythons
  A frilled lizard (D:1)
  18 goblins
  4 rats
454 creatures vanquished.

Notes
Turn   | Place    | Note
-------+----------+-------------------------------------------
     0 | D:1      | Persephone the Vine Stalker Berserker began the quest for
                  | the Orb.
     0 | D:1      | Reached XP level 1. HP: 11/11 MP: 2/2
   175 | D:1      | Found a faded altar of an unknown god.
   273 | D:1      | Reached XP level 2. HP: 10/16 MP: 1/3
   558 | D:1      | Found Kutwueno's Antique Armour Shoppe.
   699 | D:1      | Reached ** piety under Trog
   700 | D:1      | Reached XP level 3. HP: 20/20 MP: 4/4
  1507 | D:3      | Noticed Jessica
  1511 | D:3      | Killed Jessica
  1512 | D:3      | Reached skill level 4 in Unarmed Combat
  1512 | D:3      | Reached XP level 4. HP: 21/24 MP: 3/5
  1539 | D:3      | Found a glowing silver altar of Zin.
  1738 | D:3      | Noticed Ijyb
  1754 | D:3      | Killed Ijyb
  1755 | D:3      | Reached XP level 5. HP: 28/28 MP: 6/6
  1761 | D:3      | Found a bloodstained altar of Trog.
  2553 | D:4      | Reached skill level 5 in Unarmed Combat
  2579 | D:4      | Reached XP level 6. HP: 33/33 MP: 5/7
  3076 | D:4      | Identified a scroll of acquirement
  3078 | D:4      | Acquired 1176 gold pieces
  3118 | D:5      | Entered Level 5 of the Dungeon
  3118 | D:5      | Found a radiant altar of Vehumet.
  3148 | D:5      | Reached XP level 7. HP: 32/37 MP: 6/8
  3177 | D:5      | Reached skill level 6 in Unarmed Combat
  3375 | D:5      | Reached *** piety under Trog
  3663 | D:5      | Found a staircase to the Ecumenical Temple.
  3705 | D:5      | Found an ancient bone altar of Kikubaaqudgha.
  3946 | D:6      | Gained mutation: You have razor-sharp teeth. [Vine Stalker
                  | growth]
  3946 | D:6      | Reached XP level 8. HP: 26/42 MP: 4/9
  3993 | D:6      | Found a white marble altar of Elyvilon.
  4009 | D:6      | Reached skill level 7 in Unarmed Combat
  4040 | D:6      | Reached skill level 5 in Fighting
  4126 | D:6      | Noticed a +0 dagger
  4127 | D:6      | Noticed a +0 falchion
  4127 | D:6      | Noticed a +0 short sword
  4127 | D:6      | Noticed a +0 dagger
  4128 | D:6      | Noticed a +0 spear
  4129 | D:6      | Noticed a +0 spear
  4129 | D:6      | Noticed a +0 short sword
  4130 | D:6      | Noticed a +0 falchion
  4334 | D:6      | Found a hide-covered altar of Uskayaw.
  4395 | D:6      | Found a snail-covered altar of Cheibriados.
  4417 | D:6      | Found a hazy altar of Hepliaklqana.
  4419 | D:6      | Found a shadowy altar of Dithmenos.
  4421 | D:6      | Noticed a shadow
  4541 | D:6      | Reached skill level 8 in Unarmed Combat
  4558 | D:6      | Found a shimmering altar of Xom.
  4644 | D:7      | Found a sacrificial altar of Ru.
  4731 | D:7      | Noticed Pikel
  4759 | D:7      | Killed Pikel
  4760 | D:7      | Reached skill level 5 in Armour
  4760 | D:7      | Reached skill level 9 in Unarmed Combat
  4760 | D:7      | Reached XP level 9. HP: 41/48 MP: 10/10
  4782 | D:7      | Found an ornate altar of the Wu Jian Council.
  4972 | D:7      | Found a stormy altar of Qazlal.
  4996 | D:7      | Noticed Prince Ribbit
  5018 | D:7      | Killed Prince Ribbit
  5066 | D:7      | Found a broken altar of Ashenzari.
  5102 | D:7      | Found a sparkling altar of Nemelex Xobeh.
  5316 | D:7      | Found a runed translucent door.
  5318 | D:7      | Noticed Crazy Yiuf
  5351 | D:7      | Reached skill level 10 in Unarmed Combat
  5513 | D:7      | Killed Crazy Yiuf
  5643 | D:8      | Reached XP level 10. HP: 35/53 MP: 6/11
  5840 | D:8      | Paralysed by a hornet for 3 turns
  5935 | D:8      | Found an opulent altar of Gozag.
  6008 | D:8      | Found a blossoming altar of Fedhas.
  6097 | D:8      | Noticed a cyan ugly thing
  6111 | D:8      | Killed a cyan ugly thing
  6227 | D:8      | Found a flagged portal.
  6247 | D:8      | Found a basalt altar of Yredelemnul.
  6259 | Bailey   | Entered a bailey
  6265 | Bailey   | Noticed an orc warlord
  6265 | Bailey   | Found the +7 hand cannon "Mule" {flame, backblast, rF+}
  6329 | Bailey   | Found a runed translucent gate.
  6333 | Bailey   | Found a runed translucent gate.
  6335 | Bailey   | Found a runed translucent gate.
  6352 | Bailey   | Reached skill level 11 in Unarmed Combat
  6529 | Bailey   | Killed an orc warlord
  6570 | Bailey   | Identified the +9 long sword of Pauxuitu {freeze, rElec
                  | rCorr SInv Stlth-}
  6579 | Bailey   | Acquired a +1 pair of boots of flying
  6638 | D:8      | Noticed a profane servitor
  6653 | D:8      | Found a glowing golden altar of the Shining One.
  6656 | D:8      | Noticed an angel
  6948 | D:9      | Found a burning altar of Makhleb.
  6957 | D:9      | Found a shimmering blue altar of Sif Muna.
  7146 | D:9      | Reached skill level 12 in Unarmed Combat
  7146 | D:9      | Reached XP level 11. HP: 50/60 MP: 9/12
  7253 | D:9      | Found Waiveiv's Armour Shoppe.
  7348 | D:9      | Noticed a death yak
  7352 | D:9      | Noticed a death yak
  7356 | D:9      | Noticed a sixfirhy
  7359 | D:9      | Noticed a death yak
  7365 | D:9      | Noticed a soul eater
  7371 | D:9      | Killed a death yak
  7377 | D:9      | Killed a death yak
  7667 | D:9      | Found a staircase to the Lair.
  7712 | D:9      | Killed a death yak
  7965 | D:10     | Entered Level 10 of the Dungeon
  8011 | D:10     | Found an iron altar of Okawaru.
  8336 | D:10     | Reached skill level 1 in Shields
  8875 | D:10     | Reached skill level 13 in Unarmed Combat
  8969 | D:11     | Reached **** piety under Trog
  8998 | D:11     | Noticed a boulder beetle
  9033 | D:11     | Killed a boulder beetle
  9310 | D:11     | Found a staircase to the Orcish Mines.
  9362 | D:11     | Noticed a green ugly thing
  9370 | D:11     | Killed a green ugly thing
  9602 | Lair:1   | Entered Level 1 of the Lair of Beasts
  9610 | Lair:1   | Reached XP level 12. HP: 66/66 MP: 10/13
 10036 | Lair:1   | Reached skill level 14 in Unarmed Combat
 10069 | Lair:1   | Identified the ring "Keklenet" {rN+ Will+}
 10312 | Lair:1   | Identified the +7 rapier "Geaxzyc" {antimagic, rN+ Str+3}
 10611 | Lair:1   | Acquired the +1 chain mail of the Storm King {Regen+ Str-2
                  | Dex+5 Slay+6}
 10828 | Lair:2   | Found a gate leading to a gauntlet.
 10862 | Gauntlet | Entered a Gauntlet
 10862 | Gauntlet | Found a transporter.
 10862 | Gauntlet | Found a transporter.
 10881 | Gauntlet | Found a transporter.
 10884 | Gauntlet | Found a transporter.
 10891 | Gauntlet | Found a runed translucent door.
 10894 | Gauntlet | Found a transporter.
 10898 | Gauntlet | Found a transporter.
 10900 | Gauntlet | Noticed a death yak
 10901 | Gauntlet | Noticed a death yak
 10901 | Gauntlet | Noticed a death yak
 10906 | Gauntlet | Found a transporter.
 10928 | Gauntlet | Found a transporter.
 10947 | Gauntlet | Found a transporter.
 10952 | Gauntlet | Found a transporter.
 10952 | Gauntlet | Noticed a soul eater
 10960 | Gauntlet | Found a transporter.
 10965 | Gauntlet | Found a transporter.
 10969 | Gauntlet | Noticed a tengu warrior
 11068 | Gauntlet | Killed a death yak
 11071 | Gauntlet | Reached skill level 10 in Fighting
 11072 | Gauntlet | Killed a death yak
 11077 | Gauntlet | Killed a death yak
 11078 | Gauntlet | Reached skill level 5 in Shields
 11078 | Gauntlet | Reached XP level 13. HP: 72/72 MP: 14/14
 11143 | Gauntlet | Noticed a minotaur
 11151 | Gauntlet | Killed a minotaur
 11202 | Gauntlet | Reached skill level 15 in Unarmed Combat
 12143 | Lair:3   | Found a hole to the Spider Nest.
 12319 | Lair:3   | Found a staircase to the Shoals.
 12690 | Lair:3   | Found the +8 whip "Snakebite" {venom, curare, rPois}
 13087 | Lair:4   | Reached skill level 16 in Unarmed Combat
 13125 | Lair:4   | Found a staircase to the Slime Pits.
 13127 | Lair:4   | Found a viscous altar of Jiyva.
 13166 | Lair:4   | Reached XP level 14. HP: 48/77 MP: 13/15
 13327 | Lair:4   | Reached skill level 10 in Armour
 13667 | Lair:4   | Noticed Urug
 13682 | Lair:4   | Killed Urug
 13915 | Lair:5   | Entered Level 5 of the Lair of Beasts
 14638 | Lair:5   | Reached skill level 17 in Unarmed Combat
 14639 | Lair:5   | Noticed a dire elephant
 14651 | Lair:5   | Killed a dire elephant
 14686 | Lair:5   | Killed from afar by a lindwurm

Illustrated notes

Levels and vault maps discovered:
D:1:      eino_arrival_cavern_a, layout_basic, serial_shops,
          nicolae_shop_real_fake_doors,
          dreamdust_ecumenical_altar_angels_and_demons,
          corexii_leaking_fountain, minmay_misc_feat_columns
D:2:      cheibrodos_old_hovel, layout_basic
D:3:      layout_basic, mainiacjoe_overflow_paths,
          mainiacjoe_overflow_small_starburst, minmay_misc_feat_chi,
          chequers_mini_garden, nicolae_elevator_lobby_asterisk, uniq_ijyb,
          uniq_jessica
D:4:      layout_basic
D:5:      layout_loops_cross, mainiacjoe_overflow_24_doors,
          amcnicky_altar_gilded, minmay_temple_entry_trees
D:6:      layout_cave_pools, riverfiend_overflow_shadow_ancestor,
          nicolae_uskayaw_en_pointe, led_xom_imps, chei_slow_surprise,
          elyvilon_altar_3
D:7:      layout_basic, mainiacjoe_overflow_concentric_impassable,
          nicolae_qazlal_general_emergency, marbit_many_paths,
          mainiacjoe_overflow_cross_hatched, kennysheep_little_box, uniq_pikel,
          uniq_crazy_yiuf_cottage, uniq_prince_ribbit1
D:8:      layout_gridville, grunt_temple_overflow_holy_war,
          nicolae_gozag_cash_rules_everything_around_me,
          overflow_temple_1_default, enter_bailey_5
D:9:      layout_stronghold, mainiacjoe_overflow_catwalk,
          mainiacjoe_overflow_chevrons, dpeg_lair_monsters, serial_shops, shop,
          hangedman_abyss_or_decor_stabs, einodemon_armed_red_devil_minivault
D:10:     layout_grid_maze, okawaru_trees_1
D:11:     layout_basic, hiddenorc1_lemuel, mrwooster_statue_mirror,
          minmay_misc_feat_plants, minmay_misc_feat_hallway
Lair:1:   layout_concentric_octagons
Lair:2:   layout_gridlike, gauntlet_entry_generic, beast_lair_carwin_7,
          lemuel_fruit_tree, serial_bayou_shore_b, infiniplex_staircase_pool_2,
          serial_bayou_shore_a
Lair:3:   minmay_guarded_unrand_snakebite, layout_regular_city,
          elwin_shoals_entry_rocks, dummy_spider_entry
Lair:4:   layout_loops_ring, slime_entry_1, serial_rivers,
          chequers_serial_rivers_small_b, chequers_serial_rivers_small_b,
          chequers_serial_rivers_micro_a, chequers_serial_rivers_small_3,
          uniq_urug
Lair:5:   hangedman_lair_in_review, layout_regular_city

Skill      XL: |  1  2  3  4  5  6  7  8  9 10 11 12 13 14 |
---------------+-------------------------------------------+-----
Fighting       | 3 4 6 8 9 10 11 | 11.5
Armour         | 2 3 5 7 8 9 10 | 10.4
Unarmed Combat | 4 5 6 9 10 12 13 14 16 17 | 17.0
Shields        | 2 5 6 7 |  7.7
Dodging        | |  1.5

Action                     |  1- 3 |  4- 6 |  7- 9 | 10-12 | 13-15 || total
---------------------------+-------+-------+-------+-------+-------++-------
  Melee: Unarmed           |    86 |   153 |   248 |   579 |   446 ||  1512
         Bite              |    10 |    35 |    74 |   192 |   196 ||   507
         Punch             |       |     3 |    18 |    15 |       ||    36
 Invoke: Trog's Hand       |       |     2 |     8 |    21 |    16 ||    47
         Berserk           |       |       |     2 |     7 |     5 ||    14
  Evoke: Wand              |       |       |       |     9 |       ||     9
    Use: Scroll            |       |     5 |     3 |     8 |     5 ||    21
         Potion            |       |       |       |     1 |       ||     1
 Armour: Leather armour    |    13 |       |       |       |       ||    13
         Animal skin       |     1 |       |       |       |       ||     1
         Ring mail         |    25 |    28 |       |       |       ||    53
         Scale mail        |       |    68 |   169 |   103 |       ||   340
         Plate armour      |       |       |       |   664 |       ||   664
         Chain mail        |       |       |       |    23 |   403 ||   426
  Dodge: Dodged            |    41 |    69 |   102 |   266 |   148 ||   626
  Block: Buckler           |       |       |       |    93 |   134 ||   227
